 Dungeon Crawl Stone Soup version 0.28-a0-1560-g060a6a1bfc (webtiles) character file.

Game seed: 12774393028788609420

474 Nattfarinn the Magician (level 7, 0/49 HPs)
             Began as a Djinni Wanderer on Jan 19, 2022.
             Was an Initiate of Okawaru.
             Slain by a killer bee (4 damage)
             ... on level 5 of the Dungeon.
             The game lasted 00:08:53 (6315 turns).

Nattfarinn the Magician (Djinni Wanderer)           Turns: 6315, Time: 00:08:54

Health: 0/49       AC:  3    Str: 17    XL:     7   Next: 32%
Gold:   199        EV: 12    Int: 12    God:    Okawaru [......] SH:  4 Dex: 14

rFire   + + .      SeeInvis .   a - +0 war axe
rCold   x . .      Faith    .   b - +0 buckler
rNeg    . . .      Spirit   .   c - +0 robe
rPois   ∞          Reflect  .   m - +0 helmet
rElec   .          Harm     .   (no cloak)
rCorr   .          Rampage  .   (no gloves)
Will    .....                   (boots unavailable)
Stlth   +.........              r - amulet "Ilisiz" {rPois Regen+ Str+4}
HPRegen 0.96/turn               (no ring)
MPRegen 0.00/turn               (no ring)

@: freezing walls, flying
A: sickness immunity, fire resistance 2, cold vulnerability 1, float, innate
caster, hp casting, extra vitality 1
a: Renounce Religion


You were on level 5 of the Dungeon.
You worshipped Okawaru.
Okawaru was noncommittal.
You visited 2 branches of the dungeon, and saw 6 of its levels.

You collected 199 gold pieces.

Inventory:

Hand Weapons
 a - a +0 war axe (weapon)
 j - a +3 vorpal hunting sling
Armour
 b - a +0 buckler (worn)
 c - a +0 robe (worn)
 m - a +0 helmet (worn)
Jewellery
 n - a ring of fire
 r - the amulet "Ilisiz" (around neck) {rPois Regen+ Str+4}
   (You took it off a kobold on level 4 of the Dungeon)

   [amulet of regeneration]

   Str:       It affects your strength (+4).
   rPois:     It protects you from poison.
   Regen:     It increases your rate of health regeneration.
Scrolls
 f - 2 scrolls of magic mapping
 g - a scroll of immolation
 h - a scroll of enchant weapon {unknown}
 i - a scroll of enchant armour {unknown}
 l - a scroll of teleportation {unknown}
 p - 2 scrolls of fog {unknown}
Potions
 e - a potion of magic {unknown}
 o - a potion of degeneration {unknown}
 q - a potion of ambrosia {unknown}


   Skills:
 - Level 2.1 Fighting
 - Level 2.4 Axes
 - Level 2.1 Dodging
 - Level 2.0 Shields
 + Level 5.4 Spellcasting


You had 6 spell levels left.
You knew the following spells:

 Your Spells              Type           Power      Damage    Failure   Level
a - Frozen Ramparts       Ice            32%        1d5       8%          3
b - Freeze                Ice            64%        1d8       2%          1
c - Slow                  Hex            64%        N/A       2%          1
d - Scorch                Fire           32%        2d6       4%          2
e - Call Canine Familiar  Summ           16%        N/A       8%          3

Your spell library contained the following spells:

 Spells                   Type           Power      Damage    Failure   Level


Dungeon Overview and Level Annotations

Branches:
Dungeon (5/15)             Temple (1/1) D:5

Altars:
Ashenzari
Cheibriados
Dithmenos
Fedhas
Gozag
Hepliaklqana
Kikubaaqudgha
Makhleb
Okawaru
Qazlal
Ru
Sif Muna
Trog
Uskayaw
Wu Jian
Xom
Yredelemnul
Zin
The Shining One

Shops:
D:1 [


Innate Abilities, Weirdness & Mutations

You are immune to sickness and miasma.
You are immune to poison.
Your flesh is very heat resistant. (rF++)
You are vulnerable to cold. (rC-)
You float through the air rather than walking.
You learn spells naturally, not from books.
Your magical power is your life essence.
You have superior vitality. (+4 MHP)


Message History

A staircase to the Ecumenical Temple.
The walls around you are covered in ice.
The killer bee stings you. The killer bee closely misses you.
The wall freezes the scorpion.
The scorpion barely misses you. You block the killer bee's attack.
The killer bee stings you!
The wall freezes the killer bee.
The killer bee stings you but does no damage.
The wall freezes the scorpion.
The scorpion barely misses you.
You hit the scorpion.
The scorpion is heavily wounded.
You miss the killer bee. You completely miss the killer bee.
You closely miss the killer bee. The killer bee stings you!
You block the killer bee's attack.
The wall freezes the killer bee.
The killer bee stings you. The killer bee barely misses you.
The killer bee stings you.
* * * LOW HITPOINT WARNING * * *
The wall freezes the killer bee.
The killer bee misses you.
The wall freezes the scorpion.
The scorpion stings you.
* * * LOW HITPOINT WARNING * * *
You block the killer bee's attack. The killer bee barely misses you.
You feel better.
The wall freezes the killer bee but does no damage.
The killer bee stings you. x2
* * * LOW HITPOINT WARNING * * *
The killer bee stings you!
* * * LOW HITPOINT WARNING * * *
The wall freezes the scorpion.
The scorpion stings you but does no damage.
The wall freezes the killer bee.
The killer bee closely misses you. The killer bee barely misses you.
The killer bee stings you.
* * * LOW HITPOINT WARNING * * *
You feel better.
The wall freezes the killer bee.
The killer bee stings you.
* * * LOW HITPOINT WARNING * * *
The wall freezes the scorpion.
You kill the scorpion!
Okawaru accepts your kill.
The killer bee misses you. x2; The wall freezes the killer bee.
The killer bee barely misses you. The killer bee closely misses you.
The killer bee stings you.
You die...

##........
#.........
##............#
. ......#......
.. .....+.....
... #...#...#
....#...#...##
#.......<8@8#
##........yyy#
.............#
##.....#######
....... .......
..##$.. . #...
#.yy


You could see 3 killer bees.

Vanquished Creatures
  A phantom (D:4)
  A scorpion (D:5)
  2 killer bees
  An orc priest (D:3)
  A hound (D:4)
  Terence (D:3)
  3 orc wizards (D:4)
  A howler monkey skeleton (D:4)
  4 adders (D:2)
  A white imp (D:3)
  2 worms
  A dart slug (D:2)
  5 orcs
  7 ball pythons
  10 bats
  7 endoplasms
  6 giant cockroaches
  8 goblins
  3 hobgoblins
  7 jackals
  2 quokkas
  4 frilled lizards
  5 kobolds
  8 rats
91 creatures vanquished.

Notes
Turn   | Place    | Note
-------+----------+-------------------------------------------
     0 | D:1      | Nattfarinn the Djinni Wanderer began the quest for the Orb.
     0 | D:1      | Reached XP level 1. HP: 17/17 MP: 0/0
   451 | D:1      | Reached XP level 2. HP: 22/22 MP: 0/0
   665 | D:1      | Found a faded altar of an unknown god.
   675 | D:1      | Reached skill level 2 in Spellcasting
   931 | D:1      | Reached XP level 3. HP: 19/28 MP: 0/0
   931 | D:1      | Learned a level 1 spell: Slow
  1044 | D:1      | Found Qalub's Antique Armour Boutique.
  1743 | D:2      | Reached XP level 4. HP: 21/33 MP: 0/0
  2141 | D:2      | Reached skill level 3 in Spellcasting
  2598 | D:3      | Reached XP level 5. HP: 14/38 MP: 0/0
  2598 | D:3      | Learned a level 2 spell: Scorch
  3722 | D:3      | Noticed Terence
  3735 | D:3      | Killed Terence
  3847 | D:3      | Found a bloodstained altar of Trog.
  3948 | D:4      | Reached skill level 4 in Spellcasting
  3954 | D:4      | Noticed a phantom
  3959 | D:4      | Killed a phantom
  3960 | D:4      | Reached XP level 6. HP: 35/43 MP: 0/0
  4575 | D:4      | Reached skill level 5 in Spellcasting
  4584 | D:4      | Reached XP level 7. HP: 17/49 MP: 0/0
  4584 | D:4      | Learned a level 3 spell: Call Canine Familiar
  4809 | D:4      | Identified the amulet "Ilisiz" {rPois Regen+ Str+4}
  5033 | D:4      | Found a basalt altar of Yredelemnul.
  5034 | D:4      | Found a blossoming altar of Fedhas.
  5112 | D:5      | Entered Level 5 of the Dungeon
  5112 | D:5      | Found a staircase to the Ecumenical Temple.
  5116 | Temple   | Entered the Ecumenical Temple
  5216 | Temple   | Became a worshipper of Warmaster Okawaru
  6314 | D:5      | HP: 2/49 [killer bee (3)]
  6315 | D:5      | Slain by a killer bee

Illustrated notes

Levels and vault maps discovered:
D:1:      shiori_arrival_maze, layout_basic, hellmonk_ecumenical_altar_lost_god,
          serial_shops, shop
D:2:      layout_basic
D:3:      layout_basic, nzn_overflow_gifts_of_might_and_magic,
          wad_floor_pattern_untrapped, minmay_goblin_kobold_house
D:4:      layout_cave_pools, nicolae_overflow_squiral, kennysheep_diamond
D:5:      gammafunk_cloud_chamber, layout_basic, nemelex_spade_bored_becter,
          temple_statues, gammafunk_ghost_hive, kennysheep_opposing_triangles
Temple:   regret_index_temple_waves

Skill      XL: |  1  2  3  4  5  6 |
---------------+-------------------+-----
Spellcasting   | 2 3 4 5 |  5.4
Fighting       | 2 |  2.1
Axes           | |  2.4
Dodging        | |  2.1
Shields        | |  2.0

Action                   |  1- 3 |  4- 6 |  7- 9 || total
-------------------------+-------+-------+-------++-------
Melee: War axe           |   118 |    58 |     4 ||   180
 Cast: Freeze            |    15 |    34 |     2 ||    51
       Scorch            |       |    42 |     3 ||    45
       Frozen Ramparts   |       |     3 |     3 ||     6
  Use: Scroll            |       |     7 |     1 ||     8
       Potion            |       |       |     2 ||     2
 Stab: Sleeping          |     1 |       |       ||     1
Armor: Robe              |    39 |    16 |     4 ||    59
Dodge: Dodged            |   106 |    69 |    25 ||   200
Block: Buckler           |    22 |    16 |     8 ||    46

Table legend: (Time is in decaauts)
 A = Elapsed time spent in this place.
 B = Non-inter-level travel time spent in this place.
 C = Inter-level travel time spent in this place.
 D = Time resting spent in this place.
 E = Time spent auto-exploring this place.
 F = Levels seen in this place.
 G = Mean time per level.
                   A        B        C        D        E       F      G
               +--------+--------+--------+--------+--------+-----+--------+
         Total |   6392 |   6242 |    150 |   1648 |   3865 |   6 | 1065.3 |
       Dungeon |   5210 |   5130 |     80 |    615 |   3808 |   5 | 1042.0 |
        Temple |   1181 |   1111 |     70 |   1033 |     57 |   1 | 1181.0 |
               +--------+--------+--------+--------+--------+-----+--------+

Top non-repeatable levels by time:
     D:2: 1441 daAuts
     D:1: 1407 daAuts
  Temple: 1181 daAuts
     D:3: 1172 daAuts
     D:4: 1166 daAuts
     D:5: 24 daAuts
